Map: King's Cove LE

Players

Hellraiser

  • Race: Protoss Protoss
  • Spawn Location: 11:00

Elazer - Winner!

  • Race: Zerg Zerg
  • Spawn Location: 5:00

Event: 2019 WCS Summer

VOD

Have the link to the VOD?

Description

Time

  • Played on: July 13, 2019, 10:23 a.m.
  • Length: 10:41

All games in this series

Show
View Real Time Build Order
Export as new Build Order

Hellraiser Protoss 

Build Orders: 1 Gate Expand, Oracle Opening, Archon Immortal 

Get SALT Encoding   

  12  0:00  Probe  
  13  0:12  Probe  
  14  0:19  Pylon  
  14  0:24  Probe  
  15  0:33  Probe  
  15  0:39  Gateway  
  15  0:41  Probe  
  16  0:47  Assimilator  
  17  0:52  Probe  
  18  1:04  Probe  
  19  1:21  Nexus  
  19  1:25  Probe  
  20  1:35  Cybernetics Core  
  20  1:39  Probe  
  21  1:45  Assimilator  
  21  1:52  Probe  
  21  1:53  Pylon  
  22  2:03  Probe, Adept  
  23  2:11  Probe  
  26  2:19  Probe  
  26  2:22  Stargate  
  27  2:30  Probe  
  27  2:32  Stalker, Probe  
  31  2:40  Probe  
  31  2:42  Probe  
  32  2:47  Warp Gate  
  32  2:51  Probe  
  33  2:54  Probe  
  33  2:57  Oracle  
  35  3:03  Probe  
  36  3:06  Probe  
  40  3:15  Probe  
  40  3:18  Probe  
  40  3:23  Gateway  
  40  3:24  Pylon  
  40  3:25  Oracle  
  40  3:27  Probe  
  40  3:30  Probe  
  42  3:39  Probe  
  46  3:42  Assimilator  
  46  3:43  Probe  
  46  3:44  Assimilator  
  47  3:49  Pylon  
  47  3:51  Probe  
  47  3:55  Probe  
  49  3:56  Oracle  
  49  4:02  Pylon  
  49  4:03  Probe  
  49  4:07  Probe  
  54  4:14  Pylon  
  54  4:15  Probe  
  55  4:19  Probe  
  56  4:26  Robotics Facility  
  56  4:27  Probe  
  58  4:31  Probe  
  58  4:35  Adept x2  
  62  4:39  Probe  
  62  4:43  Probe  
  64  4:46  Oracle  
  64  4:49  Nexus  
  64  4:50  Pylon  
  64  4:52  Probe  
  65  4:55  Probe  
  66  5:04  Probe  
  66  5:05  Pylon  
  67  5:08  Forge, Twilight Council  
  67  5:10  Probe  
  67  5:13  Observer  
  69  5:16  Sentry, Probe  
  69  5:17  Zealot  
  74  5:22  Probe, Phoenix  
  74  5:27  Immortal  
  75  5:28  Probe, Pylon  
  75  5:34  Probe  
  79  5:41  Probe  
  84  5:46  Probe  
  84  5:49  Charge  
  85  5:53  Probe  
  85  5:55  Immortal  
  86  5:58  Probe  
  86  5:59  Protoss Ground Weapons Level 1  
  87  6:05  Probe  
  87  6:06  Probe  
  87  6:10  Templar Archives  
  87  6:11  Probe  
  94  6:17  Probe  
  95  6:19  Gateway x2  
  95  6:21  Assimilator  
  95  6:22  Probe, Assimilator  
  95  6:23  Probe  
  95  6:24  Immortal  
  97  6:29  Probe  
  98  6:34  Gateway  
  98  6:39  Gateway  
  102  6:40  Observer  
  102  6:43  Gateway  
  102  6:46  Gateway  
  102  6:49  Probe  
  102  6:54  Pylon x2  
  102  6:56  Immortal, High Templar x2  
  102  6:58  Psionic Storm  
  110  7:12  Photon Cannon  
  110  7:14  Shield Battery  
  110  7:28  High Templar  
  112  7:30  Observer, Zealot x4  
  112  7:32  Probe  
  112  7:33  Pylon  
  112  7:35  Pylon  
  121  7:43  Immortal  
  121  7:46  Pylon  
  121  7:47  Pylon  
  121  7:54  High Templar x2  
  129  7:58  Nexus  
  129  8:00  Pylon  
  129  8:01  Archon  
  129  8:02  High Templar  
  129  8:03  High Templar  
  129  8:04  Zealot x4, Protoss Ground Weapons Level 2  
  141  8:14  Immortal  
  141  8:16  Probe x2  
  141  8:17  Probe  
  148  8:28  Probe  
  148  8:29  Probe, Shield Battery  
  148  8:30  Probe, Shield Battery  
  148  8:31  Photon Cannon  
  148  8:33  Shield Battery  
  151  8:41  Probe  
  150  8:46  Photon Cannon  
  150  8:47  Photon Cannon  
  150  8:49  Photon Cannon, Shield Battery  
  150  8:50  Immortal, Pylon  
  150  8:52  High Templar x2  
  150  8:53  High Templar x2  
  158  8:56  Archon x2  
  159  9:12  Assimilator  
  159  9:14  Assimilator  
  159  9:18  Pylon  
  159  9:20  Cybernetics Core  
  159  9:23  Nexus  
  159  9:31  Probe  
  151  9:33  Probe x3  
  151  9:34  Stalker x2  
  151  9:36  Stalker x2  
  136  9:39  Probe  
  136  9:45  Probe x3  
  134  9:47  Probe  
  133  9:57  Probe x3  
  133  9:59  Probe  
  121  10:09  Probe x3  
  121  10:11  Probe  
  121  10:13  High Templar x3  
  117  10:17  High Templar x2  
  107  10:21  Probe x3  
  107  10:23  Probe  
  107  10:26  Archon  
  109  10:31  Zealot x3  
Show
View Real Time Build Order
Export as new Build Order

Elazer Zerg - Winner!

Build Orders: Hatch First 

Get SALT Encoding   

  12  0:00  Drone  
  13  0:12  Overlord  
  13  0:17  Drone  
  14  0:30  Drone x2  
  16  0:49  Hatchery  
  15  0:52  Drone  
  15  0:55  Drone  
  17  0:58  Drone  
  18  1:09  Extractor  
  17  1:14  Spawning Pool  
  17  1:17  Drone  
  17  1:20  Drone  
  18  1:28  Drone  
  19  1:39  Drone  
  20  1:50  Drone  
  21  2:01  Queen x2, Overlord  
  23  2:02  Zergling x2  
  26  2:12  Drone  
  26  2:13  Drone  
  28  2:22  Drone x2  
  30  2:31  Hatchery  
  30  2:36  Drone  
  30  2:37  Zergling x2  
  30  2:44  Queen  
  31  2:50  Metabolic Boost  
  33  2:52  Overlord  
  33  2:56  Drone  
  35  2:58  Drone  
  35  3:01  Drone  
  34  3:14  Spore Crawler  
  32  3:20  Drone  
  32  3:21  Drone x7  
  32  3:27  Queen  
  43  3:34  Spore Crawler  
  43  3:36  Drone  
  43  3:37  Overlord  
  43  3:44  Spore Crawler  
  43  3:45  Drone  
  43  3:48  Drone  
  44  3:49  Spore Crawler  
  44  3:50  Drone x2  
  44  3:53  Drone  
  44  3:55  Drone  
  47  3:56  Drone  
  47  3:58  Drone  
  47  4:01  Drone  
  50  4:07  Drone  
  50  4:08  Queen  
  52  4:15  Drone, Evolution Chamber  
  52  4:16  Drone x2  
  54  4:18  Drone x2  
  54  4:20  Drone  
  57  4:26  Overlord  
  57  4:34  Extractor, Overlord  
  57  4:35  Extractor  
  57  4:36  Drone, Overlord  
  57  4:37  Drone  
  57  4:43  Overlord  
  57  4:44  Lair  
  57  4:45  Zerg Melee Weapons Level 1  
  57  4:48  Drone x3  
  57  4:51  Drone x2  
  57  4:52  Drone  
  60  4:55  Drone x2  
  60  4:58  Drone x2  
  63  5:00  Drone  
  63  5:01  Drone  
  63  5:06  Drone, Baneling Nest  
  64  5:09  Drone x2  
  64  5:10  Drone  
  67  5:14  Overlord  
  67  5:15  Drone  
  67  5:18  Drone x3  
  71  5:21  Drone x2  
  71  5:22  Drone  
  71  5:24  Overlord  
  71  5:26  Drone  
  71  5:28  Drone  
  76  5:30  Extractor x2  
  76  5:34  Drone  
  76  5:35  Drone x2, Extractor  
  75  5:38  Drone  
  75  5:39  Drone  
  78  5:44  Hydralisk Den  
  78  5:46  Hatchery  
  78  5:49  Zergling x2  
  79  5:50  Zergling x6  
  80  5:57  Overlord  
  80  6:02  Drone x8  
  87  6:10  Overlord  
  87  6:12  Centrifical Hooks  
  87  6:13  Pneumatized Carapace  
  87  6:14  Drone x2  
  89  6:18  Hatchery  
  89  6:19  Hydralisk x2, Grooved Spines  
  89  6:22  Overseer  
  92  6:26  Hydralisk x2  
  92  6:28  Overseer  
  92  6:29  Hydralisk  
  92  6:31  Hydralisk  
  100  6:33  Hydralisk  
  100  6:38  Hydralisk  
  100  6:39  Hydralisk  
  106  6:43  Zergling x2  
  106  6:44  Zergling x10  
  112  6:52  Zergling x4  
  112  6:53  Overlord  
  114  6:54  Zerg Melee Weapons Level 2  
  114  6:56  Overlord  
  114  7:02  Overlord  
  114  7:05  Overlord x2  
  114  7:07  Spore Crawler  
  113  7:13  Hydralisk x4  
  113  7:15  Zergling x6  
  123  7:23  Overlord  
  123  7:26  Hydralisk x4  
  131  7:30  Zergling x2  
  131  7:31  Zergling x8  
  136  7:37  Muscular Augments, Overlord  
  136  7:38  Baneling x4  
  136  7:42  Hydralisk x2  
  140  7:44  Drone x3  
  140  7:47  Drone x3  
  146  7:55  Baneling x4  
  146  7:56  Zergling x12  
  152  8:00  Overlord  
  152  8:02  Infestation Pit  
  152  8:03  Baneling  
  152  8:04  Baneling x6  
  151  8:06  Drone x2, Extractor  
  151  8:07  Drone  
  151  8:12  Drone x5  
  158  8:22  Overlord  
  158  8:26  Hydralisk x3  
  160  8:29  Hatchery  
  160  8:33  Hydralisk x2, Spore Crawler  
  160  8:34  Hydralisk  
  164  8:39  Zergling x10  
  172  8:43  Hive  
  172  8:57  Extractor  
  172  8:59  Overlord  
  172  9:00  Spire  
  170  9:04  Zergling x2  
  170  9:05  Zergling x14  
  170  9:07  Baneling x13  
  174  9:10  Drone x4  
  178  9:17  Zergling x12  
  178  9:19  Overlord  
  172  9:38  Zergling x18  
  178  9:41  Zergling x10  
  178  9:42  Baneling x13  
  178  9:43  Baneling x11  
  182  9:48  Baneling x10  
  174  10:00  Zergling x20  
  174  10:11  Zergling x20  
  169  10:20  Zergling x12, Spine Crawler  
  171  10:22  Baneling x5  
Tags
 
Add a new tag
Caveats
  • Supply blocks, unpowered buildings, or Contaminate may cause inaccurate times.
  • Supply counts are checked every 10 seconds.